MLB
CHICAGO WHITE SOX @ KANSAS CITY ROYALS
06/03/2020
 
TOP OF THE 1ST
Chicago White Sox batting - Pitching for Kansas City Royals : RHP Brad Keller
Pitching: RHP Brad Keller
Batting: SHB Yoan Moncada 0-0: Swinging Strike
0-1: SINGLE (Groundball, 34D, EV 101.3 MPH) (infield hit)
Batting: SHB Yasmani Grandal 0-0: Called Strike
0-1: Foul Ball, location: 2F
0-2: Ball
1-2: Foul Ball, location: 2F
1-2: Ball
2-2: Fly out, F7 (Flyball, 7S, EV 85.0 MPH)
Batting: RHB Jose Abreu 0-0: Grounds into double play, 5-4-3 (Groundball, 56, EV 87.5 MPH)
Top of the 1st over - 0 runs, 1 hit, 0 errors, 0 left on base; Chicago 0 - Kansas City 0
BOTTOM OF THE 1ST
Kansas City Royals batting - Pitching for Chicago White Sox : RHP Lucas Giolito
Pitching: RHP Lucas Giolito
Batting: RHB Whit Merrifield 0-0: DOUBLE (Flyball, 7LD, EV 94.4 MPH)
Batting: RHB Austin Dean 0-0: Ball
1-0: Foul Ball, location: 3DF
1-1: Ball
2-1: Foul Ball, location: 2F
2-2: Fly out, F7 (Line Drive, 7D, EV 92.5 MPH)
Runner from 2nd tags up, SAFE at 3rd, no throw by LF
Batting: RHB Jorge Soler 0-0: Ball
1-0: Foul Ball, location: 2F
1-1: Ball
2-1: Fly out, F8 (Flyball, 78D, EV 108.1 MPH)
Runner from 3rd tags up, SCORES, throw by CF
Batting: RHB Hunter Dozier 0-0: Called Strike
0-1: Ball
1-1: Called Strike
1-2: Strikes out swinging
Bottom of the 1st over - 1 run, 1 hit, 0 errors, 0 left on base; Chicago 0 - Kansas City 1
TOP OF THE 2ND
Chicago White Sox batting - Pitching for Kansas City Royals : RHP Brad Keller
Batting: RHB Eloy Jimenez 0-0: Ground out 5-3 (Groundball, 56S, EV 78.8 MPH)
Batting: RHB Edwin Encarnacion 0-0: Ball
1-0: Called Strike
1-1: Foul Ball, location: 2F
1-2: Foul Ball, location: 3F
1-2: Strikes out swinging
Batting: LHB Nomar Mazara 0-0: Called Strike
0-1: Swinging Strike
0-2: Ball
1-2: SINGLE (Line Drive, 56D, EV 106.3 MPH)
Batting: RHB Tim Anderson 0-0: Swinging Strike
0-1: Ground out 4-3 (Groundball, 4, EV 86.3 MPH)
Top of the 2nd over - 0 runs, 1 hit, 0 errors, 1 left on base; Chicago 0 - Kansas City 1
BOTTOM OF THE 2ND
Kansas City Royals batting - Pitching for Chicago White Sox : RHP Lucas Giolito
Batting: LHB Ryan O'Hearn 0-0: Swinging Strike
0-1: Ball
1-1: Foul Ball, location: 2F
1-2: Ball
2-2: Strikes out swinging
Batting: SHB Adalberto Mondesi 0-0: Swinging Strike
0-1: Swinging Strike
0-2: Ball
1-2: Ball
2-2: Strikes out looking
Batting: LHB Nicky Lopez 0-0: Reached on error, E6 (Groundball, 56, EV 105.0 MPH)
Batting: LHB Brett Phillips 0-0: Ball
1-0: Swinging Strike
1-1: Foul Ball, location: 2F
1-2: Ground out U3 (Groundball, 3, EV 82.5 MPH)
Bottom of the 2nd over - 0 runs, 0 hits, 1 error, 1 left on base; Chicago 0 - Kansas City 1
TOP OF THE 3RD
Chicago White Sox batting - Pitching for Kansas City Royals : RHP Brad Keller
Batting: RHB Luis Robert 0-0: Ball
1-0: Ball
2-0: Ball
3-0: Base on Balls
Batting: SHB Leury Garcia 0-0: Called Strike
0-1: SINGLE (Groundball, 34D, EV 111.3 MPH)
Luis Robert to second
Runner from 2nd tries for 3rd, SAFE, throw by RF made to third
Batting: SHB Yoan Moncada 0-0: Ball
1-0: Ball
2-0: Ball
3-0: Base on Balls
Leury Garcia to second
Batting: SHB Yasmani Grandal 0-0: Foul Ball, location: 2F
0-1: Foul Ball, location: 2F
0-2: Ball
1-2: Ball
2-2: Fly out, F8 (Flyball, 8RD, EV 95.0 MPH)
Runner from 3rd tags up, SCORES, throw by CF
Batting: RHB Jose Abreu 0-0: SINGLE (Line Drive, 89M, EV 86.9 MPH)
Leury Garcia to third
Yoan Moncada to second
Runner from 3rd tries for Home, SAFE, throw by RF to home
Batting: RHB Eloy Jimenez 0-0: Ball
1-0: Ball
2-0: Called Strike
2-1: Grounds into double play, 5-4-3 (Groundball, 5, EV 92.5 MPH)
Top of the 3rd over - 2 runs, 2 hits, 0 errors, 1 left on base; Chicago 2 - Kansas City 1
BOTTOM OF THE 3RD
Kansas City Royals batting - Pitching for Chicago White Sox : RHP Lucas Giolito
Batting: RHB Cam Gallagher 0-0: Called Strike
0-1: DOUBLE (Groundball, 5L, EV 102.5 MPH)
Batting: RHB Whit Merrifield 0-0: Ball
1-0: Ground out U3 (Groundball, 34, EV 80.6 MPH)
Cam Gallagher to third
Batting: RHB Austin Dean 0-0: Foul Ball, location: 2F
0-1: Ball
1-1: Foul Ball, location: 2F
1-2: Strikes out looking
Batting: RHB Jorge Soler 0-0: Called Strike
0-1: Foul Ball, location: 2F
0-2: SINGLE (Groundball, 56D, EV 94.4 MPH)
Cam Gallagher scores
Batting: RHB Hunter Dozier 0-0: Swinging Strike
0-1: Swinging Strike
0-2: Ball
1-2: Ball
2-2: Strikes out swinging
Bottom of the 3rd over - 1 run, 2 hits, 0 errors, 1 left on base; Chicago 2 - Kansas City 2
TOP OF THE 4TH
Chicago White Sox batting - Pitching for Kansas City Royals : RHP Brad Keller
Batting: RHB Edwin Encarnacion 0-0: Ball
1-0: Ball
2-0: Fly out, F7 (Flyball, 78D, EV 105.6 MPH)
Batting: LHB Nomar Mazara 0-0: Swinging Strike
0-1: Ball
1-1: Foul Ball, location: 2F
1-2: Strikes out swinging
Batting: RHB Tim Anderson 0-0: Ball
1-0: Ball
2-0: SINGLE (Line Drive, 8LS, EV 109.4 MPH)
Batting: RHB Luis Robert 0-0: Fly out, F3 (Popup, 3SF, EV 76.9 MPH)
Top of the 4th over - 0 runs, 1 hit, 0 errors, 1 left on base; Chicago 2 - Kansas City 2
BOTTOM OF THE 4TH
Kansas City Royals batting - Pitching for Chicago White Sox : RHP Lucas Giolito
Batting: LHB Ryan O'Hearn 0-0: Ball
1-0: Ball
2-0: Ball
3-0: Base on Balls
Batting: SHB Adalberto Mondesi 0-0: Swinging Strike
0-1: Foul Ball, location: 2F
0-2: Ball
1-2: DOUBLE (Flyball, 8LXD, EV 106.3 MPH)
Ryan O'Hearn to third
Batting: LHB Nicky Lopez 0-0: Ball
1-0: Swinging Strike
1-1: Called Strike
1-2: Ball
2-2: Ball
3-2: Ground out U3 (Groundball, 3S, EV 86.3 MPH)
Batting: LHB Brett Phillips 0-0: Swinging Strike
0-1: Ball
1-1: Ball
2-1: Ball
3-1: Swinging Strike
3-2: Strikes out swinging
Batting: RHB Cam Gallagher 0-0: Ball
1-0: Called Strike
1-1: Foul Ball, location: 3SF
1-2: Ball
2-2: Foul Ball, location: 7LDF
2-2: Ground out 6-3 (Groundball, 6, EV 98.1 MPH)
Bottom of the 4th over - 0 runs, 1 hit, 0 errors, 2 left on base; Chicago 2 - Kansas City 2
TOP OF THE 5TH
Chicago White Sox batting - Pitching for Kansas City Royals : RHP Brad Keller
Batting: SHB Leury Garcia 0-0: Foul Ball, location: 2F
0-1: Called Strike
0-2: SINGLE (Groundball, 4MD, EV 98.1 MPH)
Batting: SHB Yoan Moncada 0-0: Called Strike
0-1: Fly out, F8 (Flyball, 89S, EV 87.5 MPH)
Batting: SHB Yasmani Grandal 0-0: Foul Ball, location: 2F
0-1: Ball
1-1: Called Strike
1-2: Ball
2-2: Ball
3-2: Ground out 4-3 (Groundball, 34, EV 103.1 MPH)
Leury Garcia to second
Batting: RHB Jose Abreu 0-0: Ball
1-0: Ground out 5-3 (Groundball, 56, EV 85.0 MPH)
Top of the 5th over - 0 runs, 1 hit, 0 errors, 1 left on base; Chicago 2 - Kansas City 2
BOTTOM OF THE 5TH
Kansas City Royals batting - Pitching for Chicago White Sox : RHP Lucas Giolito
Batting: RHB Whit Merrifield 0-0: Bunt for hit to 2L - play at first, batter safe!
Batting: RHB Austin Dean 0-0: Sac Bunt to 13S - play at first, batter OUT! 1-3
Whit Merrifield to second
Batting: RHB Jorge Soler 0-0: Ball
1-0: Called Strike
1-1: Ball
2-1: Ball
3-1: Base on Balls
Batting: RHB Hunter Dozier 0-0: Ball
1-0: SINGLE (Groundball, 6MD, EV 96.9 MPH) (infield hit)
Whit Merrifield to third
Jorge Soler to second
Batting: LHB Ryan O'Hearn 0-0: Foul Ball, location: 2F
0-1: Ball
1-1: Called Strike
1-2: Grounds into fielders choice 1-2 (Groundball, 15, EV 73.8 MPH)
Jorge Soler to third
Hunter Dozier to second
Batting: SHB Adalberto Mondesi 0-0: Called Strike
0-1: Ball
1-1: Swinging Strike
1-2: Ball
2-2: Strikes out swinging
Bottom of the 5th over - 0 runs, 2 hits, 0 errors, 3 left on base; Chicago 2 - Kansas City 2
TOP OF THE 6TH
Chicago White Sox batting - Pitching for Kansas City Royals : RHP Brad Keller
Batting: RHB Eloy Jimenez 0-0: Called Strike
0-1: Ball
1-1: Ball
2-1: Swinging Strike
2-2: Ball
3-2: Foul Ball, location: 2F
3-2: Fly out, F8 (Flyball, 8LS, EV 85.6 MPH)
Batting: RHB Edwin Encarnacion 0-0: Ball
1-0: SINGLE (Groundball, 34D, EV 96.3 MPH)
Batting: LHB Nomar Mazara 0-0: Ball
1-0: Called Strike
Edwin Encarnacion steals 2nd base
1-1: Ball
2-1: Swinging Strike
2-2: Ball
3-2: Fly out, F7 (Flyball, 7LS, EV 89.4 MPH)
Batting: RHB Tim Anderson 0-0: Ball
1-0: Ball
2-0: Foul Ball, location: 2F
2-1: Foul Ball, location: 9LDF
2-2: Ball
3-2: Strikes out swinging
Top of the 6th over - 0 runs, 1 hit, 0 errors, 1 left on base; Chicago 2 - Kansas City 2
BOTTOM OF THE 6TH
Kansas City Royals batting - Pitching for Chicago White Sox : RHP Lucas Giolito
Batting: LHB Nicky Lopez 0-0: Foul Ball, location: 2F
0-1: Bunt for hit to P - play at first, batter OUT! 1-3
Batting: LHB Brett Phillips 0-0: Called Strike
0-1: Swinging Strike
0-2: Ball
1-2: Strikes out swinging
Batting: RHB Cam Gallagher 0-0: Ball
1-0: Ball
2-0: Ball
3-0: Called Strike
3-1: Base on Balls
Batting: RHB Whit Merrifield 0-0: Called Strike
0-1: Ball
1-1: Ball
2-1: SINGLE (Line Drive, 4D, EV 103.1 MPH)
Cam Gallagher to second
Batting: RHB Austin Dean 0-0: Ball
1-0: Called Strike
1-1: Ball
2-1: Ball
3-1: Called Strike
3-2: Foul Ball, location: 3SF
3-2: Ground out 6-3 (Groundball, 6, EV 83.1 MPH)
Bottom of the 6th over - 0 runs, 1 hit, 0 errors, 2 left on base; Chicago 2 - Kansas City 2
TOP OF THE 7TH
Chicago White Sox batting - Pitching for Kansas City Royals : RHP Brad Keller
Batting: RHB Luis Robert 0-0: Ball
1-0: Ball
2-0: Ball
3-0: Fly out, F9 (Line Drive, 9, EV 88.8 MPH)
Batting: SHB Leury Garcia 0-0: Called Strike
0-1: Ball
1-1: Ball
2-1: Ball
3-1: SINGLE (Groundball, 6D, EV 97.5 MPH)
Pitching: RHP Tyler Zuber
Batting: SHB Yoan Moncada 0-0: Ball
1-0: Ball
2-0: Called Strike
2-1: SINGLE (Groundball, 34D, EV 95.0 MPH)
Leury Garcia to second
Runner from 2nd tries for 3rd, SAFE, throw by RF made to third
Batting: SHB Yasmani Grandal 0-0: Ball
1-0: Ball
2-0: Ball
3-0: Base on Balls
Yoan Moncada to second
Batting: RHB Jose Abreu 0-0: Swinging Strike
0-1: Ball
1-1: Fly out, F4 (Popup, 23, EV 81.9 MPH)
Batting: RHB Eloy Jimenez 0-0: SINGLE (Groundball, 6D, EV 106.3 MPH)
Leury Garcia scores
Yoan Moncada to third
Yasmani Grandal to second
Runner from 3rd tries for Home, SAFE, throw by LF to home
Batting: RHB Edwin Encarnacion 0-0: Foul Ball, location: 2F
0-1: SINGLE (Line Drive, 7S, EV 93.1 MPH)
Yasmani Grandal to third
Eloy Jimenez to second
Runner from 3rd tries for Home, SAFE, throw by LF to home
Batting: LHB Nomar Mazara 0-0: Foul Ball, location: 2F
0-1: Ball
1-1: 3-RUN HOME RUN (Flyball, 9LD, EV 108.1 MPH), Distance : 379 ft
Pitching: RHP Jesse Hahn
Batting: RHB Tim Anderson 0-0: DOUBLE (Flyball, 78D, EV 98.8 MPH)
Batting: RHB Luis Robert 0-0: Ground out 5-3 (Groundball, 56S, EV 93.1 MPH)
Top of the 7th over - 6 runs, 6 hits, 0 errors, 1 left on base; Chicago 8 - Kansas City 2
BOTTOM OF THE 7TH
Kansas City Royals batting - Pitching for Chicago White Sox : RHP Lucas Giolito
Pitching: RHP Ian Hamilton
Batting: RHB Jorge Soler 0-0: Ball
1-0: Foul Ball, location: 2F
1-1: Ball
2-1: Ball
3-1: Fly out, F9 (Flyball, 9LM, EV 91.3 MPH)
Batting: RHB Hunter Dozier 0-0: Called Strike
0-1: Foul Ball, location: 2F
0-2: Foul Ball, location: 2F
0-2: Strikes out swinging
Batting: LHB Ryan O'Hearn 0-0: Ball
1-0: SINGLE (Line Drive, 6D, EV 110.6 MPH)
Batting: SHB Adalberto Mondesi 0-0: Ball
1-0: Ball
2-0: Called Strike
2-1: Ground out 4-3 (Groundball, 4, EV 94.4 MPH)
Bottom of the 7th over - 0 runs, 1 hit, 0 errors, 1 left on base; Chicago 8 - Kansas City 2
TOP OF THE 8TH
Chicago White Sox batting - Pitching for Kansas City Royals : RHP Jesse Hahn
Batting: SHB Leury Garcia 0-0: Ball
1-0: Called Strike
1-1: Ball
2-1: Fly out, F8 (Flyball, 8LXD, EV 94.4 MPH)
Batting: SHB Yoan Moncada 0-0: Called Strike
0-1: Foul Ball, location: 2F
0-2: Ball
1-2: Foul Ball, location: 2F
1-2: Ball
2-2: Strikes out swinging
Batting: SHB Yasmani Grandal 0-0: Called Strike
0-1: Swinging Strike
0-2: Strikes out swinging
Top of the 8th over - 0 runs, 0 hits, 0 errors, 0 left on base; Chicago 8 - Kansas City 2
BOTTOM OF THE 8TH
Kansas City Royals batting - Pitching for Chicago White Sox : RHP Ian Hamilton
Batting: LHB Nicky Lopez 0-0: Called Strike
0-1: Ball
1-1: Ball
2-1: Ball
3-1: Foul Ball, location: 2F
3-2: Base on Balls
Batting: LHB Brett Phillips 0-0: Ball
1-0: Called Strike
1-1: Ball
2-1: Called Strike
2-2: Foul Ball, location: 2F
2-2: Strikes out swinging
Batting: RHB Cam Gallagher 0-0: Foul Ball, location: 2F
0-1: Ball
1-1: Ball
2-1: Foul Ball, location: 3F
2-2: Ball
3-2: Base on Balls
Nicky Lopez to second
Pitching: RHP Evan Marshall
Batting: RHB Whit Merrifield 0-0: Called Strike
0-1: Swinging Strike
0-2: Foul Ball, location: 2F
0-2: SINGLE (Groundball, 6D, EV 95.0 MPH)
Nicky Lopez to third
Cam Gallagher to second
Runner from 3rd tries for Home, SAFE, throw by LF to home
Batting: RHB Austin Dean 0-0: Ball
1-0: DOUBLE (Groundball, 5L, EV 100.6 MPH)
Cam Gallagher scores
Whit Merrifield to third
Batting: RHB Jorge Soler 0-0: Called Strike
0-1: Called Strike
0-2: Ball
1-2: Strikes out looking
Batting: RHB Hunter Dozier 0-0: Ball
1-0: Foul Ball, location: 2F
1-1: Ground out 6-3 (Groundball, 6, EV 83.1 MPH)
Bottom of the 8th over - 2 runs, 2 hits, 0 errors, 2 left on base; Chicago 8 - Kansas City 4
TOP OF THE 9TH
Chicago White Sox batting - Pitching for Kansas City Royals : RHP Jesse Hahn
Batting: RHB Jose Abreu 0-0: Ball
1-0: Ball
2-0: Ground out 6-3 (Groundball, 56, EV 100.6 MPH)
Batting: RHB Eloy Jimenez 0-0: Ball
1-0: Called Strike
1-1: Ground out 6-3 (Groundball, 6, EV 97.5 MPH)
Batting: RHB Edwin Encarnacion 0-0: Ball
1-0: Ball
2-0: Called Strike
2-1: Foul Ball, location: 2F
2-2: Foul Ball, location: 2F
2-2: Ball
3-2: Strikes out looking
Top of the 9th over - 0 runs, 0 hits, 0 errors, 0 left on base; Chicago 8 - Kansas City 4
BOTTOM OF THE 9TH
Kansas City Royals batting - Pitching for Chicago White Sox : RHP Evan Marshall
Pitching: LHP Aaron Bummer
Batting: LHB Ryan O'Hearn 0-0: Called Strike
0-1: Called Strike
0-2: Ball
1-2: Ball
2-2: Ball
3-2: Strikes out looking
Batting: SHB Adalberto Mondesi 0-0: Called Strike
0-1: Swinging Strike
0-2: Strikes out swinging
Batting: LHB Nicky Lopez 0-0: Foul Ball, location: 2F
0-1: Swinging Strike
0-2: Ball
1-2: Ball
2-2: Ball
3-2: TRIPLE (Line Drive, 78XD, EV 98.8 MPH)
Batting: LHB Brett Phillips 0-0: Swinging Strike
0-1: Ball
1-1: Ball
2-1: Fly out, F8 (Flyball, 8LM, EV 88.1 MPH)
Bottom of the 9th over - 0 runs, 1 hit, 0 errors, 1 left on base; Chicago 8 - Kansas City 4
Tuesday, June 9th, 2020 - OOTP Baseball 21.3 Build 54